 Dungeon Crawl Stone Soup version 0.25-a0-942-g87a53962fc (webtiles) character file.

Game seed: 14480161485884439031, levelgen mode: deterministic

4952 sanka the Frost Mage (level 10, -7/79 HPs)
             Began as a Barachi Ice Elementalist on May 6, 2020.
             Was a Believer of Vehumet.
             Mangled by an orc warrior
             ... wielding a +0 spear
              (17 damage)
             ... in a bailey.
             The game lasted 00:27:09 (10377 turns).

sanka the Frost Mage (Barachi Ice Elementalist)    Turns: 10377, Time: 00:27:10

Health: -7/79      AC:  4    Str: 10    XL:     10   Next: 53%
Magic:  10/31      EV: 15    Int: 22    God:    Vehumet [**....]
Gold:   140        SH:  0    Dex: 12    Spells: 10/25 levels left

rFire    + . .     SeeInvis .   a - +0 hunting sling
rCold    . . .     Gourm    .   (no shield)
rNeg     . . .     Faith    +   O - +1 robe "Qethyut" {rF+} (curse)
rPois    .         Spirit   .   A - -1 helmet "Pehi" {MP+9} (curse)
rElec    .         Reflect  .   (no cloak)
rCorr    .         Harm     .   J - +0 pair of gloves
MR       .....                  (no boots)
Stlth    +++.......             q - amulet of faith
HPRegen  0.23/turn              I - +3 ring of intelligence
MPRegen  0.22/turn              U - ring of stealth

@: can't hop, slow
A: +LOS, swims, slowness 1, strong legs 1
a: Hop, Renounce Religion


You were in a bailey.
You worshipped Vehumet.
Vehumet was pleased with you.
You were hungry.

You visited 2 branches of the dungeon, and saw 11 of its levels.
You also visited: Bailey.

You collected 580 gold pieces.
You spent 440 gold pieces at shops.


Innate Abilities, Weirdness & Mutations

You can be seen from farther away. (+LOS)
You can swim through water.
You cover ground slowly.
You can hop short distances.


   Skills:
 + Level 7.0 Fighting
 + Level 7.0 Dodging
 - Level 1.7 Stealth
 - Level 8.0 Spellcasting
 + Level 2.8 Conjurations
 - Level 4.0 Summonings
 + Level 11.5 Ice Magic


You had 10 spell levels left.
You knew the following spells:

 Your Spells              Type           Power        Failure   Level  Hunger
a - Ozocubu's Armour      Chrm/Ice       ####....     1%          3    None
u - Hailstorm             Conj/Ice       #####...     3%          4    ###....
x - Summon Ice Beast      Ice/Summ       #####...     3%          4    ###....
y - Frozen Ramparts       Ice            ######       1%          3    None
z - Freeze                Ice            ####         1%          1    None

Your spell library contained the following spells:

 Spells                   Type           Power        Failure   Level  Hunger
 Magic Dart               Conj           ###.         2%          1    None
 Song of Slaying          Chrm           #.......     11%         2    None
 Spectral Weapon          Hex/Chrm       #.......     22%         3    None
 Excruciating Wounds      Chrm/Necr      #.........   90%         5    #####..
 Hydra Form               Tmut           #.........   100%        6    ######.

Inventory:

Hand Weapons
 a - a +0 hunting sling (weapon)
 b - the +4 dagger of Juifu {freeze, +Inv Str+2}

   It has been specially enchanted to freeze those struck by it, causing extra
   injury to most foes and up to half again as much damage against particularly
   susceptible opponents.
   It can also slow down cold-blooded creatures.
   It affects your strength (+2).
   It lets you turn invisible.
 j - a +1 dagger of chaos
Missiles
 e - 135 stones (quivered)
 s - 2 curare-tipped darts {=f}
 G - 66 sling bullets
Armour
 A - the cursed -1 helmet "Pehi" (worn) {MP+9}

   It affects your magic capacity (+9).
   It has a curse placed upon it.
 J - a +0 pair of gloves (worn)
 O - the cursed +1 robe "Qethyut" (worn) {rF+}

   It protects you from fire.
   It has a curse placed upon it.
Magical Staves
 R - an uncursed staff of cold
Jewellery
 l - an uncursed ring of fire
 q - an amulet of faith (around neck)
 F - an uncursed ring of protection from cold
 I - a +3 ring of intelligence (left hand)
 M - an uncursed ring of protection from magic
 U - a ring of stealth (right hand)
Wands
 H - a wand of polymorph (7)
 S - a wand of flame (15)
 X - a wand of iceblast (6)
Scrolls
 g - 5 scrolls of remove curse
 m - a scroll of fog
 p - a scroll of enchant weapon {unknown}
 u - 4 scrolls of teleportation {@r4}
 v - a scroll of blinking
 w - 3 scrolls of magic mapping
 y - a scroll of summoning
Potions
 f - 4 potions of might
 h - 2 potions of resistance {unknown}
 i - a potion of lignification {unknown}
 k - 6 potions of curing {unknown}
 r - 5 potions of heal wounds {@q2}
 t - a potion of cancellation {unknown}
 z - 2 potions of mutation {unknown}
 B - a potion of magic {unknown}
 C - 2 potions of berserk rage {unknown}
 D - a potion of flight {unknown}
 E - a potion of haste {unknown}
 N - 5 potions of ambrosia {unknown}
 T - a potion of stabbing {unknown}
 V - a potion of degeneration {unknown}
Comestibles
 c - 26 rations
 W - a chunk of flesh

Dungeon Overview and Level Annotations

Branches:
Dungeon (10/15)            Temple (1/1) D:7            Lair (0/6) D:9
 Bailey (1/1)
    Orc: D:9-12

Altars:
Ashenzari
Cheibriados
Dithmenos
Elyvilon
Fedhas
Gozag
Hepliaklqana
Kikubaaqudgha
Makhleb
Nemelex Xobeh
Okawaru
Qazlal
Ru
Sif Muna
Trog
Uskayaw
Vehumet
Wu Jian
Xom
Yredelemnul
Zin
The Shining One

Shops:
D:5 } D:6

[ ▒▒▒▒▒▒▒▒▒▒▒▒
▒▒.∩........▒▒
▒............▒
▒..#))..o....▒
▒∩)#.#.Yo.F..+
▒..))........▒
▒............▒
▒▒.∩........▒▒
▒▒▒▒▒▒▒▒▒▒▒▒


You could see an orc warrior, an orc and a friendly ice beast.


Message History

The orc warrior is heavily wounded.
The orc hits you but does no damage.
The orc warrior hits you with a +0 spear!
* * * LOW HITPOINT WARNING * * *
Your ice beast closely misses the orc warrior.
Your ice beast barely misses the orc warrior.
The orc misses you.
Unknown command.
Use which ability? (? or * to list) Hop to where?
Boing!
The orc warrior hits you but does no damage.
Your ice beast completely misses the orc warrior.
Your ice beast closely misses the orc warrior.
Your icy armour cracks and falls away as you move.
The orc hits your ice beast but does no damage.
The orc hits you from afar with a +0 spear.
* * * LOW HITPOINT WARNING * * *
Your ice beast hits the orc but does no damage.
The orc hits your ice beast but does no damage.
Your ice beast hits the orc warrior.
Your ice beast freezes the orc warrior!
Your ice beast barely misses the orc.
The orc misses you.
Your ice beast hits the orc.
Your ice beast freezes the orc!
The orc dies!
Vehumet accepts your kill.
The orc warrior hits you from afar with a +0 spear!
You die...

Action                   |  1- 3 |  4- 6 |  7- 9 | 10-12 || total
-------------------------+-------+-------+-------+-------++-------
Melee: Mace              |     6 |       |       |       ||     6
       Unarmed           |     1 |       |       |       ||     1
       Flail             |       |     2 |     1 |       ||     3
       Dagger            |       |       |    37 |    16 ||    53
 Fire: Hunting sling     |    44 |    88 |       |    21 ||   153
Throw: Stone             |    12 |       |       |       ||    12
 Cast: Freeze            |    37 |    47 |    86 |    29 ||   199
       Frozen Ramparts   |       |     2 |    27 |     9 ||    38
       Ozocubu's Armour  |       |       |     5 |     3 ||     8
       Summon Ice Beast  |       |       |     9 |     3 ||    12
 Abil: Hop               |       |     2 |       |     1 ||     3
  Use: Scroll            |       |       |     6 |     4 ||    10
 Stab: Sleeping          |     1 |       |       |       ||     1
  Eat: Chunk             |     3 |     7 |    19 |     5 ||    34
Armor: Robe              |     7 |    10 |    17 |    11 ||    45
Dodge: Dodged            |    23 |    47 |    80 |    52 ||   202

Levels and vault maps discovered:
D:1:      mainiacjoe_arrival_reflecting_pool, layout_basic,
          serial_bayou_crossing
D:2:      layout_loops_corners, lightli_temple_of_fire
D:3:      layout_basic, nicolae_overflow_crystal_walls, lemuel_round_altar,
          chequers_serial_rivers_micro_a, cheibriados_altar_1
D:4:      layout_cave_pools, nicolae_ru_awakened_eye,
          minmay_misc_feat_secret_circle, makhleb_heckhound_becter, uniq_pikel
D:5:      layout_loops_cross, serial_shops, nicolae_shop_trees, first_ration
D:6:      layout_loops_cross, grunt_temple_overflow_open, serial_shops,
          nicolae_shop_waterfront, chequers_serial_rivers_small_b,
          nrook_mini_vaults
D:7:      layout_loops_ring, minmay_temple_entry_junction,
          nicolae_gozag_cash_rules_everything_around_me
D:8:      layout_rooms, blue_anna_alchemist [blue_anna_fruit_fields,
          blue_anna_fruit_fields], minmay_statues_item
D:9:      layout_loops_corners, fedhas_altar_4, lair_entry_dummy, uniq_erolcha,
          uniq_psyche
D:10:     layout_small_grid, serial_shops, shop, enter_bailey_8, uniq_grum
Temple:   nicolae_temple_no_exploring_needed
Bailey:   bailey_polearm_5, bailey

Notes
Turn   | Place    | Note
-------+----------+-------------------------------------------
     0 | D:1      | sanka the Barachi Ice Elementalist began the quest for the
                  | Orb.
     0 | D:1      | Reached XP level 1. HP: 13/13 MP: 3/3
   176 | D:1      | Reached skill level 5 in Ice Magic
   220 | D:1      | Reached XP level 2. HP: 16/19 MP: 0/5
   947 | D:1      | Reached XP level 3. HP: 23/24 MP: 4/7
   952 | D:1      | Learned a level 3 spell: Frozen Ramparts
   956 | D:1      | Learned a level 3 spell: Ozocubu's Armour
   982 | D:1      | Reached skill level 3 in Spellcasting
  1419 | D:2      | Reached skill level 6 in Ice Magic
  1645 | D:2      | Found a bloodstained altar of Trog.
  1684 | D:2      | Reached XP level 4. HP: 30/30 MP: 8/8
  2569 | D:3      | Found a hazy altar of Hepliaklqana.
  2622 | D:3      | Noticed an ice beast
  3145 | D:3      | Found a stormy altar of Qazlal.
  3192 | D:3      | Found a snail-covered altar of Cheibriados.
  3220 | D:3      | Reached XP level 5. HP: 29/35 MP: 8/10
  3281 | D:3      | HP: 3/35 [poisoned by kobold (curare-tipped dart)]
  4046 | D:4      | Noticed a slave
  4046 | D:4      | Noticed a slave
  4046 | D:4      | Noticed a slave
  4047 | D:4      | Noticed a slave
  4048 | D:4      | Noticed Pikel
  4056 | D:4      | Killed a slave
  4059 | D:4      | Killed a slave
  4072 | D:4      | Killed a slave
  4073 | D:4      | Killed Pikel
  4073 | D:4      | Reached skill level 4 in Spellcasting
  4073 | D:4      | Reached skill level 9 in Ice Magic
  4073 | D:4      | Reached XP level 6. HP: 12/41 MP: 0/12
  4073 | D:4      | Reached XP level 7. HP: 13/46 MP: 0/13
  4354 | D:4      | Got a faintly glowing dagger
  4355 | D:4      | Identified the +4 dagger of Juifu {freeze, +Inv Str+2} (You
                  | found it on level 4 of the Dungeon)
  4459 | D:4      | Learned a level 4 spell: Summon Ice Beast
  4540 | D:4      | Found a burning altar of Makhleb.
  4547 | D:4      | Reached skill level 10 in Ice Magic
  4610 | D:4      | Found a sacrificial altar of Ru.
  4789 | D:4      | Reached skill level 1 in Summonings
  4840 | D:5      | Entered Level 5 of the Dungeon
  4870 | D:5      | Found Tyblihun's Gadget Shop.
  4923 | D:5      | Reached skill level 2 in Summonings
  4958 | D:5      | Reached XP level 8. HP: 52/52 MP: 8/15
  5021 | D:5      | Reached skill level 5 in Spellcasting
  5021 | D:5      | Reached skill level 3 in Summonings
  5067 | D:5      | Got a dazzling cloak
  5073 | D:5      | Identified the cursed -4 cloak of the Furies {*Drain rPois
                  | rC+ Int+2} (You found it on level 5 of the Dungeon)
  5708 | D:6      | Reached skill level 4 in Summonings
  5730 | D:6      | Found an opulent altar of Gozag.
  5817 | D:6      | Found a snail-covered altar of Cheibriados.
  5817 | D:6      | Found a shimmering blue altar of Sif Muna.
  5817 | D:6      | Found an ancient bone altar of Kikubaaqudgha.
  5818 | D:6      | Found a sparkling altar of Nemelex Xobeh.
  5877 | D:6      | Reached skill level 1 in Fighting
  6222 | D:6      | Reached skill level 3 in Dodging
  6448 | D:6      | Found Noemnuom's Antique Armour Emporium.
  6453 | D:6      | Bought a spiked helmet for 275 gold pieces
  6458 | D:6      | Identified the cursed -1 helmet "Pehi" {MP+9} (You bought
                  | it in a shop on level 6 of the Dungeon)
  6846 | D:7      | Reached skill level 2 in Fighting
  6909 | D:7      | Reached skill level 6 in Spellcasting
  7128 | D:7      | Reached skill level 3 in Fighting
  7128 | D:7      | Reached skill level 4 in Dodging
  7237 | D:7      | Reached XP level 9. HP: 64/64 MP: 18/18
  7329 | D:7      | Found an opulent altar of Gozag.
  7468 | D:7      | Found a staircase to the Ecumenical Temple.
  7483 | Temple   | Entered the Ecumenical Temple
  7490 | Temple   | Became a worshipper of Vehumet
  7682 | D:3      | Reached skill level 4 in Fighting
  7790 | D:6      | Bought a faintly glowing robe for 165 gold pieces
  7800 | D:6      | Identified the cursed +1 robe "Qethyut" {rF+} (You bought
                  | it in a shop on level 6 of the Dungeon)
  8286 | D:8      | Noticed a hornet
  8291 | D:8      | Killed a hornet
  8291 | D:8      | Reached skill level 5 in Dodging
  8372 | D:8      | Noticed a two-headed ogre
  8375 | D:8      | Reached * piety under Vehumet
  8375 | D:8      | Offered knowledge of Shock by Vehumet.
  8384 | D:8      | Killed a two-headed ogre
  8384 | D:8      | Reached skill level 5 in Fighting
  8384 | D:8      | Reached skill level 7 in Spellcasting
  8396 | D:8      | Reached skill level 11 in Ice Magic
  8433 | D:8      | Reached skill level 6 in Dodging
  8594 | D:8      | Reached skill level 6 in Fighting
  8594 | D:8      | Reached XP level 10. HP: 76/76 MP: 21/21
  8786 | D:8      | Learned a level 4 spell: Hailstorm
  8940 | D:8      | Identified the Papyrus of Mutagenic Aid
  9154 | D:9      | Reached skill level 1 in Conjurations
  9247 | D:9      | Found a staircase to the Lair.
  9299 | D:9      | Noticed Erolcha
  9315 | D:9      | Killed Erolcha
  9315 | D:9      | Reached skill level 2 in Conjurations
  9588 | D:9      | Noticed Psyche
  9594 | D:9      | Killed Psyche
  9765 | D:9      | Found a blossoming altar of Fedhas.
 10238 | D:10     | Entered Level 10 of the Dungeon
 10329 | D:10     | Found a flagged portal.
 10348 | Bailey   | Entered a bailey
 10359 | Bailey   | Reached skill level 8 in Spellcasting
 10364 | Bailey   | Offered knowledge of Magic Dart by Vehumet.
 10369 | Bailey   | Reached ** piety under Vehumet
 10369 | Bailey   | Reached skill level 7 in Fighting
 10369 | Bailey   | Reached skill level 7 in Dodging
 10377 | Bailey   | Mangled by an orc warrior

Vanquished Creatures
  Erolcha (D:9)
  A two-headed ogre (D:8)
  Pikel (D:4)
  Psyche (D:9)
  A hornet (D:8)
  4 sky beasts
  An orc warrior (Bailey)
  An ice beast (D:3)
  A black bear (D:7)
  3 slaves (D:4)
  3 centaurs
  5 ogres
  2 big kobolds
  A bullfrog (D:7)
  A wyvern skeleton (D:9)
  A scorpion (D:8)
  3 killer bees (D:9)
  3 crimson imps
  2 jellies
  5 orc wizards
  A centaur skeleton (D:7)
  4 hounds
  An iguana (D:8)
  9 worker ants
  11 adders
  A shadow imp (D:9)
  An adder skeleton (D:9)
  3 worms (D:2)
  3 dart slugs
  2 leopard geckos
  26 orcs
  2 ball pythons
  6 giant cockroaches
  5 goblins
  13 hobgoblins
  10 jackals
  5 quokkas
  9 bats
  10 frilled lizards
  A jackal skeleton (D:5)
  17 kobolds
  2 quokka skeletons
  6 rats
189 creatures vanquished.

Vanquished Creatures (collateral kills)
  An ice beast (D:8)
  An orc warrior (Bailey)
  A wyvern zombie (D:8)
  7 orcs (Bailey)
10 creatures vanquished.

Grand Total: 199 creatures vanquished
